| TOP OF THE 1ST |
|
Cleveland Guardians batting - Pitching for Texas Rangers : RHP Franz Holzknecht
|
|
Pitching: RHP Franz Holzknecht
|
|
|
Batting: LHB Arvin Dungca
|
0-0: Ground out 4-3 (Groundball, 4D, EV 109.4 MPH)
|
|
Batting: SHB Pete Barutha
|
0-0: Ball 1-0: SINGLE (Groundball, 34D, EV 80.6 MPH) (infield hit)
|
|
Batting: RHB Nick Ogle
|
0-0: Ball 1-0: Foul Ball, location: 2F 1-1: Ball 2-1: Called Strike 2-2: Ball 3-2: Ground out 6-3 (Groundball, 6, EV 88.1 MPH) Pete Barutha to second
|
|
Batting: LHB Brent Albertson
|
0-0: Ball 1-0: Called Strike 1-1: DOUBLE (Line Drive, 9LM, EV 109.4 MPH) Pete Barutha scores
|
|
Batting: RHB Hiroshige Yamada
|
0-0: Called Strike 0-1: Foul Ball, location: 2F 0-2: Ball 1-2: Strikes out looking
|
| Top of the 1st over - 1 run, 2 hits, 0 errors, 1 left on base; Cleveland 1 - Texas 0 |
| BOTTOM OF THE 1ST |
|
Texas Rangers batting - Pitching for Cleveland Guardians : RHP Joe Zeiset
|
|
Pitching: RHP Joe Zeiset
|
|
|
Batting: LHB Sean Geisler
|
0-0: Ball 1-0: Ball 2-0: Ball 3-0: Base on Balls
|
|
Batting: RHB Butch Kaiser
|
0-0: Called Strike 0-1: Ball Sean Geisler steals 2nd base 1-1: Called Strike 1-2: DOUBLE (Line Drive, 3D, EV 106.2 MPH) Sean Geisler scores
|
|
Batting: RHB Ray Llewellyn
|
0-0: Foul Ball, location: 2F 0-1: Ball 1-1: Swinging Strike 1-2: Foul Ball, location: 2F 1-2: Strikes out looking
|
|
Batting: LHB Andy Bowman
|
0-0: Swinging Strike 0-1: Ball 1-1: Fly out, F7 (Line Drive, 7LS, EV 88.1 MPH)
|
|
Batting: RHB Blake Ballard
|
0-0: SINGLE (Flyball, 34D, EV 90.6 MPH) Butch Kaiser to third Runner from 3rd tries for Home, throw by RF and OUT! 9-2
|
| Bottom of the 1st over - 1 run, 2 hits, 0 errors, 1 left on base; Cleveland 1 - Texas 1 |
| TOP OF THE 2ND |
|
Cleveland Guardians batting - Pitching for Texas Rangers : RHP Franz Holzknecht
|
|
Batting: RHB Jasper Burd
|
0-0: Called Strike 0-1: Ball 1-1: Called Strike 1-2: Ball 2-2: Strikes out swinging
|
|
Batting: RHB Christian Blue
|
0-0: Ball 1-0: SINGLE (Line Drive, 9S, EV 98.1 MPH)
|
|
Batting: LHB Corey Trevor
|
0-0: Ball 1-0: Called Strike 1-1: Foul Ball, location: 2F 1-2: Strikes out looking
|
|
Batting: RHB Aaron Matthews
|
0-0: SINGLE (Groundball, 4M, EV 106.2 MPH) (infield hit) Christian Blue to second
|
|
Batting: LHB Arvin Dungca
|
0-0: Ball 1-0: Ball 2-0: Fly out, F7 (Flyball, 78M, EV 91.2 MPH)
|
| Top of the 2nd over - 0 runs, 2 hits, 0 errors, 2 left on base; Cleveland 1 - Texas 1 |
| BOTTOM OF THE 2ND |
|
Texas Rangers batting - Pitching for Cleveland Guardians : RHP Joe Zeiset
|
|
Batting: RHB Mike Quackenbush
|
0-0: Called Strike 0-1: Ball 1-1: Swinging Strike 1-2: Ball 2-2: Ball 3-2: Foul Ball, location: 2F 3-2: Foul Ball, location: 2F 3-2: Base on Balls
|
|
Batting: RHB Andres Mendiola
|
0-0: Ball 1-0: Fly out, F2 (Popup, 23F, EV 90.0 MPH)
|
|
Batting: RHB Trevor Mock
|
0-0: Ball 1-0: Ball 2-0: Ball 3-0: Called Strike 3-1: Called Strike 3-2: Foul Ball, location: 2F 3-2: Strikes out swinging
|
|
Batting: RHB Danny Heyer
|
0-0: Called Strike Mike Quackenbush steals 2nd base 0-1: Ball 1-1: Ground out 6-3 (Groundball, 6, EV 83.8 MPH)
|
| Bottom of the 2nd over - 0 runs, 0 hits, 0 errors, 1 left on base; Cleveland 1 - Texas 1 |
| TOP OF THE 3RD |
|
Cleveland Guardians batting - Pitching for Texas Rangers : RHP Franz Holzknecht
|
|
Batting: SHB Pete Barutha
|
0-0: Foul Ball, location: 2F 0-1: Ball 1-1: Called Strike 1-2: Ball 2-2: SINGLE (Line Drive, 4M, EV 98.8 MPH)
|
|
Batting: RHB Nick Ogle
|
0-0: Called Strike 0-1: Swinging Strike 0-2: Ball 1-2: Ball 2-2: Foul Ball, location: 2F 2-2: Grounds into double play, 5-4-3 (Groundball, 56D, EV 93.1 MPH)
|
|
Batting: LHB Brent Albertson
|
0-0: Fly out, F6 (Popup, 6MS, EV 75.0 MPH)
|
| Top of the 3rd over - 0 runs, 1 hit, 0 errors, 0 left on base; Cleveland 1 - Texas 1 |
| BOTTOM OF THE 3RD |
|
Texas Rangers batting - Pitching for Cleveland Guardians : RHP Joe Zeiset
|
|
Batting: LHB Sean Geisler
|
0-0: Called Strike 0-1: Ball 1-1: Ball 2-1: Ball 3-1: Called Strike 3-2: Base on Balls
|
|
Batting: RHB Butch Kaiser
|
0-0: Foul Ball, location: 2F 0-1: Foul Ball, location: 2F 0-2: Strikes out looking
|
|
Batting: RHB Ray Llewellyn
|
0-0: Ball 1-0: Ball 2-0: Called Strike 2-1: Called Strike Sean Geisler is caught stealing 2nd base 2-4 2-2: Strikes out swinging
|
| Bottom of the 3rd over - 0 runs, 0 hits, 0 errors, 0 left on base; Cleveland 1 - Texas 1 |
| TOP OF THE 4TH |
|
Cleveland Guardians batting - Pitching for Texas Rangers : RHP Franz Holzknecht
|
|
Batting: RHB Hiroshige Yamada
|
0-0: Ball 1-0: Ball 2-0: Ball 3-0: Base on Balls
|
|
Batting: RHB Jasper Burd
|
0-0: Ball 1-0: Ball 2-0: DOUBLE (Groundball, 5L, EV 108.1 MPH) Hiroshige Yamada to third
|
|
Batting: RHB Christian Blue
|
0-0: Called Strike 0-1: Ball 1-1: Ball 2-1: Ball 3-1: 3-RUN HOME RUN (Flyball, 78XD, EV 103.1 MPH), Distance : 437 ft
|
|
Batting: LHB Corey Trevor
|
0-0: Ground out 4-3 (Groundball, 4, EV 101.9 MPH)
|
|
Batting: RHB Aaron Matthews
|
0-0: Called Strike 0-1: Called Strike 0-2: Ball 1-2: Fly out, F8 (Flyball, 8RD, EV 84.4 MPH)
|
|
Batting: LHB Arvin Dungca
|
0-0: Ball 1-0: Ball 2-0: Ball 3-0: Base on Balls
|
|
Pitching: RHP Aaron Munt
|
|
|
Batting: SHB Pete Barutha
|
|
|
Pinch Hitting: RHB Solange Le Coq
|
0-0: Ball 1-0: Fly out, F8 (Flyball, 8RD, EV 97.5 MPH)
|
| Top of the 4th over - 3 runs, 2 hits, 0 errors, 1 left on base; Cleveland 4 - Texas 1 |
| BOTTOM OF THE 4TH |
|
Texas Rangers batting - Pitching for Cleveland Guardians : RHP Joe Zeiset
|
|
Pitching: RHP Ben Sedlacek
|
|
|
Now in CF: Solange Le Coq
|
|
|
Batting: LHB Andy Bowman
|
0-0: Foul Ball, location: 2F 0-1: Ball 1-1: Called Strike 1-2: Strikes out swinging
|
|
Batting: RHB Blake Ballard
|
0-0: Ball 1-0: Called Strike 1-1: Foul Ball, location: 2F 1-2: SOLO HOME RUN (Flyball, 9LD, EV 92.5 MPH), Distance : 351 ft
|
|
Pinch Hitting: LHB Josh Stuck
|
0-0: Ball 1-0: Swinging Strike 1-1: Bunted foul 1-2: Ball 2-2: Fly out, F7 (Flyball, 7, EV 91.2 MPH)
|
|
Batting: RHB Andres Mendiola
|
0-0: Foul Ball, location: 2F 0-1: Ball 1-1: Foul Ball, location: 2F 1-2: Ball 2-2: Fly out, F9 (Flyball, 89M, EV 91.9 MPH)
|
| Bottom of the 4th over - 1 run, 1 hit, 0 errors, 0 left on base; Cleveland 4 - Texas 2 |
| TOP OF THE 5TH |
|
Cleveland Guardians batting - Pitching for Texas Rangers : RHP Aaron Munt
|
|
Now at C: Jeremy Boerman
|
|
|
Now at SS: Martin Guerrero
|
|
|
Now in RF: Chad Thompson
|
|
|
Pinch Hitting: RHB Rick O'Reilly
|
0-0: Reached on error, E6 (Groundball, 56, EV 78.8 MPH)
|
|
Batting: LHB Danny Dunham
|
0-0: Ball 1-0: Called Strike 1-1: Called Strike 1-2: Ball 2-2: Fly out, F8 (Flyball, 8RXD, EV 96.2 MPH)
|
|
Batting: RHB Hiroshige Yamada
|
0-0: Called Strike 0-1: Swinging Strike 0-2: Ball 1-2: Ball 2-2: Ball 3-2: Strikes out swinging Rick O'Reilly steals 2nd base Batter strikes out.
|
|
Batting: RHB Jasper Burd
|
0-0: Foul Ball, location: 2F 0-1: Ground out 5-3 (Groundball, 5L, EV 75.6 MPH)
|
| Top of the 5th over - 0 runs, 0 hits, 1 error, 1 left on base; Cleveland 4 - Texas 2 |
| BOTTOM OF THE 5TH |
|
Texas Rangers batting - Pitching for Cleveland Guardians : RHP Ben Sedlacek
|
|
Pitching: LHP Victor Garcia
|
|
|
Now at C: Dan Hill
|
|
|
Now at 2B: Danny Eberhart
|
|
|
Now at 3B: Jasper Burd
|
|
|
Now in RF: Rick O'Reilly
|
|
|
Batting: RHB Trevor Mock
|
0-0: Ground out 5-3 (Groundball, 5S, EV 70.0 MPH)
|
|
Batting: RHB Danny Heyer
|
0-0: SOLO HOME RUN (Flyball, 78XD, EV 113.1 MPH), Distance : 454 ft
|
|
Pinch Hitting: RHB Reilly Hawkins
|
0-0: Called Strike 0-1: Fly out, F9 (Flyball, 9S, EV 90.0 MPH)
|
|
Batting: RHB Sean Neuroth
|
0-0: Foul Ball, location: 2F 0-1: Ball 1-1: Foul Ball, location: 2F 1-2: Strikes out swinging
|
| Bottom of the 5th over - 1 run, 1 hit, 0 errors, 0 left on base; Cleveland 4 - Texas 3 |
| TOP OF THE 6TH |
|
Cleveland Guardians batting - Pitching for Texas Rangers : RHP Aaron Munt
|
|
Now at 1B: Reilly Hawkins
|
|
|
Batting: RHB Danny Eberhart
|
0-0: Ball 1-0: Ground out 4-3 (Groundball, 4, EV 86.9 MPH)
|
|
Pinch Hitting: LHB Hector Pedroso
|
0-0: Called Strike 0-1: Fly out, F7 (Flyball, 78M, EV 91.9 MPH)
|
|
Pinch Hitting: RHB Jason Sher
|
0-0: SOLO HOME RUN (Flyball, 7LD, EV 96.2 MPH), Distance : 363 ft
|
|
Pinch Hitting: LHB John Harring
|
0-0: Ball 1-0: Ball 2-0: Called Strike 2-1: Ball 3-1: Foul Ball, location: 2F 3-2: Strikes out swinging
|
| Top of the 6th over - 1 run, 1 hit, 0 errors, 0 left on base; Cleveland 5 - Texas 3 |
| BOTTOM OF THE 6TH |
|
Texas Rangers batting - Pitching for Cleveland Guardians : LHP Victor Garcia
|
|
Now at 1B: John Harring
|
|
|
Now at SS: Jason Sher
|
|
|
Now in LF: Hector Pedroso
|
|
|
Batting: RHB Chad Thompson
|
0-0: Swinging Strike 0-1: Fly out, F6 (Popup, P, EV 77.5 MPH)
|
|
Pinch Hitting: RHB Zhao-ji Chi
|
0-0: Called Strike 0-1: Ground out 3-1 (Groundball, 34S, EV 92.5 MPH)
|
|
Batting: RHB Martin Guerrero
|
0-0: Ball 1-0: Fly out, F8 (Flyball, 8RS, EV 83.8 MPH)
|
| Bottom of the 6th over - 0 runs, 0 hits, 0 errors, 0 left on base; Cleveland 5 - Texas 3 |
| TOP OF THE 7TH |
|
Cleveland Guardians batting - Pitching for Texas Rangers : RHP Aaron Munt
|
|
Pitching: RHP Gabe Baxter
|
|
|
Now in LF: Zhao-ji Chi
|
|
|
Batting: RHB Solange Le Coq
|
0-0: Called Strike 0-1: Ball 1-1: Called Strike 1-2: Strikes out looking
|
|
Pitching: RHP Kyle Curve
|
|
|
Batting: RHB Rick O'Reilly
|
0-0: Called Strike 0-1: Ball 1-1: Foul Ball, location: 2F 1-2: Strikes out swinging
|
|
Batting: LHB Danny Dunham
|
0-0: Ball 1-0: Swinging Strike 1-1: Foul Ball, location: 2F 1-2: Ball 2-2: Ball 3-2: Strikes out swinging
|
| Top of the 7th over - 0 runs, 0 hits, 0 errors, 0 left on base; Cleveland 5 - Texas 3 |
| BOTTOM OF THE 7TH |
|
Texas Rangers batting - Pitching for Cleveland Guardians : LHP Victor Garcia
|
|
Pitching: RHP Nate Souza
|
|
|
Now at 2B: Mitch Boyd
|
|
|
Now at 3B: Danny Eberhart
|
|
|
Batting: RHB Jeremy Boerman
|
0-0: Called Strike 0-1: Ground out 6-3 (Groundball, 6, EV 104.4 MPH)
|
|
Pinch Hitting: SHB Addick de Vries
|
0-0: Swinging Strike 0-1: Ball 1-1: Hit by Pitch
|
|
Pinch Runner at 1st John Giesbrecht:
|
|
|
Pinch Hitting: RHB Danny Murillo
|
0-0: Foul Ball, location: 2F 0-1: Called Strike 0-2: Foul Ball, location: 2F 0-2: Ball 1-2: Foul Ball, location: 2F 1-2: Grounds into double play, 6-4-3 (Groundball, 6S, EV 76.2 MPH)
|
| Bottom of the 7th over - 0 runs, 0 hits, 0 errors, 0 left on base; Cleveland 5 - Texas 3 |
| TOP OF THE 8TH |
|
Cleveland Guardians batting - Pitching for Texas Rangers : RHP Kyle Curve
|
|
Now at 2B: John Giesbrecht
|
|
|
Now in LF: Danny Murillo
|
|
|
Now in CF: Zhao-ji Chi
|
|
|
Batting: SHB Dan Hill
|
0-0: Ball 1-0: Fly out, F9 (Line Drive, 89M, EV 105.6 MPH)
|
|
Batting: RHB Mitch Boyd
|
0-0: Ball 1-0: Swinging Strike 1-1: Ground out 4-3 (Groundball, 4M, EV 104.4 MPH)
|
|
Batting: RHB Danny Eberhart
|
0-0: Ball 1-0: Called Strike 1-1: Foul Ball, location: 2F 1-2: Ball 2-2: SINGLE (Line Drive, 8RS, EV 102.5 MPH)
|
|
Batting: LHB Hector Pedroso
|
0-0: Called Strike 0-1: Foul Ball, location: 2F 0-2: Ball 1-2: Strikes out swinging
|
| Top of the 8th over - 0 runs, 1 hit, 0 errors, 1 left on base; Cleveland 5 - Texas 3 |
| BOTTOM OF THE 8TH |
|
Texas Rangers batting - Pitching for Cleveland Guardians : RHP Nate Souza
|
|
Pitching: RHP Chris Cohen
|
|
|
Pinch Hitting: SHB Vince Ealy
|
0-0: Foul Ball, location: 2F 0-1: Ball 1-1: Ball 2-1: Ground out 6-3 (Groundball, 6, EV 106.2 MPH)
|
|
Pitching: RHP Fomio Tashima
|
|
|
Pinch Hitting: LHB Zion Davidson
|
0-0: Called Strike 0-1: Ball 1-1: SINGLE (Line Drive, 8LS, EV 101.9 MPH)
|
|
Batting: RHB Sean Neuroth
|
0-0: Called Strike 0-1: Ball 1-1: Foul Ball, location: 2F 1-2: Ball 2-2: SINGLE (Groundball, 34D, EV 95.6 MPH) Zion Davidson to second Runner from 2nd tries for 3rd, OUT! 9-5
|
|
Now at 3B: Carlos Abrego
|
|
|
Batting: RHB Chad Thompson
|
0-0: Foul Ball, location: 2F 0-1: Called Strike 0-2: Strikes out looking
|
| Bottom of the 8th over - 0 runs, 2 hits, 0 errors, 1 left on base; Cleveland 5 - Texas 3 |
| TOP OF THE 9TH |
|
Cleveland Guardians batting - Pitching for Texas Rangers : RHP Kyle Curve
|
|
Pitching: RHP Mark Lopez
|
|
|
Now at 1B: Zion Davidson
|
|
|
Now at 3B: Vince Ealy
|
|
|
Batting: RHB Jason Sher
|
0-0: Ball 1-0: Ground out 5-3 (Groundball, 56, EV 99.4 MPH)
|
|
Batting: LHB John Harring
|
0-0: Ball 1-0: Ball 2-0: Called Strike 2-1: SINGLE (Line Drive, 56, EV 98.1 MPH)
|
|
Pinch Hitting: LHB Nick Welling
|
0-0: Ball 1-0: Swinging Strike 1-1: Called Strike 1-2: Foul Ball, location: 2F 1-2: Ball 2-2: Ball 3-2: Ground out 4-3 (Groundball, 4, EV 84.4 MPH) John Harring to second
|
|
Batting: RHB Rick O'Reilly
|
0-0: DOUBLE (Line Drive, 78D, EV 108.1 MPH) John Harring scores
|
|
Batting: RHB Justin Ganey
|
0-0: Ball 1-0: Called Strike 1-1: Ground out 5-3 (Groundball, 56S, EV 83.8 MPH)
|
| Top of the 9th over - 1 run, 2 hits, 0 errors, 1 left on base; Cleveland 6 - Texas 3 |
| BOTTOM OF THE 9TH |
|
Texas Rangers batting - Pitching for Cleveland Guardians : RHP Fomio Tashima
|
|
Pitching: RHP Adrian Serratos
|
|
|
Now in LF: Nick Welling
|
|
|
Now in CF: Rick O'Reilly
|
|
|
Now in RF: Hector Pedroso
|
|
|
Batting: RHB Zhao-ji Chi
|
0-0: Swinging Strike 0-1: Foul Ball, location: 2F 0-2: Strikes out swinging
|
|
Batting: RHB Martin Guerrero
|
0-0: Called Strike 0-1: Ball 1-1: Ball 2-1: Ball 3-1: Fly out, F7 (Flyball, 78S, EV 90.0 MPH)
|
|
Batting: RHB Jeremy Boerman
|
0-0: Ground out 4-3 (Groundball, 4, EV 98.8 MPH)
|
| Bottom of the 9th over - 0 runs, 0 hits, 0 errors, 0 left on base; Cleveland 6 - Texas 3 |
|